Map: Lock & Load

Players

NamroodTuo

  • Race: Zerg Zerg

Alynx

  • Race: Protoss Protoss
  • Spawn Location: 7:00

VOD

Have the link to the VOD?

Description

Time

  • Played on: Jan. 19, 2023, 1:49 p.m.
  • Length: 35:42
Show
View Real Time Build Order
Export as new Build Order

NamroodTuo Zerg 

Build Orders:  

Get SALT Encoding   

  12  0:04  Infested SCV  
  13  0:13  Infested SCV  
  14  0:20  Infested SCV  
  15  0:39  Infested Barracks  
  15  0:48  Overlord  
  15  1:01  Overlord  
  15  1:15  Infested SCV x2  
  17  1:25  Infested SCV  
  18  1:39  Infested SCV  
  19  1:42  Infested Marine  
  19  1:49  Infested Marine  
  21  1:51  Infested Marine  
  22  2:05  Infested SCV  
  22  2:07  Infested Engineering Bay  
  23  2:19  Infested Refinery  
  23  2:22  Infested SCV  
  23  2:24  Infested Refinery  
  23  2:26  Infested Marine  
  23  2:27  Infested Marine  
  23  2:28  Infested Marine x4  
  23  2:29  Infested Marine  
  31  2:33  Overlord  
  31  2:59  Overlord  
  31  3:00  Infested SCV  
  31  3:06  Infested Marine  
  31  3:07  Infested Marine  
  31  3:08  Infested Marine x2  
  31  3:09  Infested Marine x3  
  39  3:19  Overlord  
  36  3:36  Infested SCV  
  37  3:46  Infested Barracks Tech Lab  
  37  3:54  Infested Barracks  
  37  4:06  Infested SCV x2  
  32  4:29  Infested Command Center  
  32  4:34  Infested Marine x4  
  32  4:35  Infested Marine x2  
  38  4:40  Retinal Augmentation  
  31  5:10  Infested SCV x3  
  31  5:11  Infested SCV  
  35  5:23  Regenerative Plating  
  35  5:37  Overlord  
  35  5:38  Infested SCV  
  36  5:40  Plagued Munitions  
  36  5:49  Infested Marine  
  37  5:50  Infested Marine x2  
  37  5:51  Infested Marine  
  37  5:52  Infested Marine x4  
  30  6:23  Stukov Infantry Weapons Level 1  
  30  6:29  Infested SCV x3  
  33  6:30  Infested SCV  
  38  6:55  Infested Bunker  
  38  6:58  Infested SCV  
  38  6:59  Infested SCV  
  40  7:25  Infested SCV  
  41  7:31  Infested SCV  
  41  7:37  Infested SCV x2  
  41  7:38  Infested SCV x3  
  47  7:54  Infested Bunker  
  51  8:09  Infested Bunker  
  55  8:14  Infested Marine  
  55  8:15  Infested Marine x8  
  55  8:16  Infested Marine x11  
  55  8:17  Infested Marine  
  75  8:51  Infested Marine x2  
  75  8:52  Infested Marine x3  
  75  8:57  Overlord x3  
  75  8:58  Overlord x5  
  78  9:03  Stukov Infantry Armor Level 1  
  78  9:10  Overlord x2  
  77  9:54  Infested Marine  
  77  9:55  Infested Marine x19  
  84  10:04  Infested SCV x4  
  84  10:09  Infested Bunker  
  83  10:47  Infested Barracks  
  83  10:51  Infested Barracks  
  87  11:01  Infested Bunker  
  87  11:10  Infested SCV x4  
  87  11:11  Infested SCV  
  96  11:27  Infested Bunker  
  95  11:39  Infested Missile Turret  
  75  11:49  Infested Marine, Infested Missile Turret  
  75  11:50  Infested Marine x19  
  75  11:51  Infested Marine x5  
  99  12:01  Infested Marine  
  99  12:02  Infested Marine x13  
  99  12:03  Infested Marine x10  
  123  12:15  Infested Missile Turret  
  123  12:17  Infested Missile Turret  
  123  12:27  Infested Bunker  
  127  13:03  Infested Marine  
  127  13:04  Infested Marine x10  
  127  13:05  Infested Marine x20  
  127  13:06  Infested Marine x3  
  158  13:15  Infested Missile Turret  
  158  13:18  Infested Marine  
  158  13:20  Overlord x2  
  158  13:21  Overlord  
  158  13:25  Infested SCV  
  158  13:26  Infested SCV x2  
  115  13:45  Infested Bunker  
  82  14:13  Infested Marine  
  82  14:14  Infested Marine x10  
  82  14:15  Infested Marine x14  
  107  14:31  Infested Factory  
  107  14:34  Infested Missile Turret  
  111  14:41  Infested Bunker  
  111  14:48  Infested Bunker  
  114  14:52  Infested Bunker  
  113  15:03  Infested Missile Turret  
  113  15:04  Infested Marine  
  113  15:05  Infested Marine x20  
  113  15:06  Infested Marine x13  
  138  15:25  Infested Marine  
  138  15:26  Infested Marine x9  
  146  15:38  Infested Armory  
  144  15:57  Infested Missile Turret  
  144  15:58  Infested Bunker  
  134  16:04  Overlord x4  
  133  16:10  Overseer x3  
  133  16:11  Overseer  
  107  17:03  Infested Bunker  
  107  17:04  Infested Marine  
  107  17:05  Infested Marine x10  
  107  17:06  Infested Marine  
  107  17:07  Infested Marine x2  
  107  17:08  Infested Marine  
  119  17:14  Unknown  
  119  17:15  Infested Marine  
  119  17:16  Infested Marine x12  
  119  17:17  Infested Marine  
  133  17:31  Calcified Armor  
  133  17:49  Infested Marine x5  
  129  17:50  Infested Marine x21  
  129  17:51  Infested Marine x10  
  160  18:31  Stukov Infantry Weapons Level 2  
  153  18:54  Infested Bunker  
  153  18:56  Infested Marine x5  
  153  18:57  Infested Marine x22  
  153  18:58  Infested Marine x8  
  153  18:59  Infested Bunker  
  142  19:42  Infested Missile Turret  
  142  19:46  Infested Missile Turret  
  141  20:03  Infested Marine  
  141  20:04  Infested Marine x11  
  141  20:05  Infested Marine x7  
  160  20:21  Infested Bunker  
  125  20:45  Infested Marine x6  
  125  20:46  Infested Marine x21  
  125  20:47  Infested Marine x21  
  125  20:48  Infested Marine x2  
  175  21:04  Infested Missile Turret  
  175  21:09  Infested Missile Turret  
  160  21:29  Infested Marine  
  161  21:30  Infested Marine x7  
  161  21:31  Infested Marine x13, Infested Bunker  
  165  22:22  Infested Marine x7  
  165  22:23  Infested Marine x21  
  165  22:24  Infested Marine x17  
  173  22:38  Infested Missile Turret  
  174  22:49  Infested Missile Turret  
  163  23:05  Infested Bunker  
  143  23:37  Infested Marine  
  143  23:38  Infested Marine x12  
  143  23:39  Infested Marine x22  
  178  23:40  Infested Marine x12  
  178  23:46  Stukov Infantry Armor Level 2  
  190  23:54  Aggressive Incubation  
  165  24:10  Infested Bunker  
  173  24:54  Infested Missile Turret  
  173  24:57  Infested Missile Turret  
  173  25:00  Infested Marine x6  
  173  25:01  Infested Marine x21  
  200  25:19  Infested Marine  
  154  25:20  Infested Marine x6  
  154  25:21  Infested Marine x21  
  154  25:22  Infested Marine x7  
  154  25:23  Infested Bunker  
  154  25:26  Infested Bunker  
  188  25:32  Infested Missile Turret  
  190  26:00  Infested Bunker  
  187  26:10  Infested Missile Turret  
  187  26:13  Infested Missile Turret  
  185  26:38  Infested Bunker  
  169  26:51  Infested SCV x3  
  169  26:52  Infested SCV  
  169  26:56  Stukov Infantry Weapons Level 3  
  138  27:02  Infested Marine x6  
  138  27:03  Infested Marine x17  
  161  27:26  Infested Missile Turret  
  161  27:35  Infested Bunker  
  165  27:55  Infested Bunker  
  169  28:09  Infested Bunker  
  173  28:22  Infested Missile Turret  
  173  28:33  Infested Bunker  
  154  28:42  Infested Missile Turret  
  154  28:46  Infested Marine x4  
  154  28:47  Infested Marine x22, Infested Bunker  
  154  28:48  Infested Marine x13  
  197  28:50  Infested Missile Turret  
  197  28:55  Infested Missile Turret  
  197  29:10  Infested Marine  
  197  29:11  Infested Marine x2  
  199  29:30  Infested Marine  
  199  29:38  Infested Missile Turret  
  159  30:33  Infested Marine  
  159  30:34  Infested Marine x21  
  159  30:36  Stukov Infantry Armor Level 3  
  180  30:51  Infested Marine x7  
  180  30:52  Infested Marine x13  
  200  31:20  Infested Barracks  
  200  31:26  Infested Barracks  
  188  31:33  Infested Marine x6  
  188  31:34  Infested Marine x8  
  179  32:04  Infested Marine  
  179  32:05  Infested Marine x15  
  179  32:06  Infested Marine x7  
  197  32:15  Infested Marine  
  197  32:16  Infested Marine x4  
  192  32:36  Infested Bunker  
  194  32:45  Infested Bunker  
  180  33:07  Infested Marine  
  180  33:08  Infested Marine x18  
  180  33:09  Infested Marine x11  
  200  33:24  Infested Bunker  
  200  33:33  Infested Missile Turret  
  172  34:11  Infested Missile Turret  
  171  34:25  Infested Marine  
  171  34:26  Infested Marine x18  
  171  34:27  Infested Marine x11  
Show
View Real Time Build Order
Export as new Build Order

Alynx Protoss 

Build Orders:  

Get SALT Encoding   

  12  0:26  Assimilator  
  12  0:36  Probe (Chrono Boost)  
  13  0:49  Probe (Chrono Boost)  
  13  0:53  Pylon  
  14  1:03  Probe (Chrono Boost)  
  14  1:07  Pylon  
  15  1:22  Pylon  
  15  1:37  Gateway  
  15  1:58  Forge  
  15  2:45  Supplicant x2  
  19  3:05  Cybernetics Core  
  19  3:13  Supplicant x2  
  23  4:20  Warp Gate  
  23  4:31  Robotics Facility  
  25  5:26  Pylon  
  25  5:36  Slayer  
  27  5:53  Vanguard  
  31  6:42  Robotics Bay  
  31  6:50  Slayer  
  29  9:19  Wraithwalker  
  35  9:29  Slayer  
  37  10:24  Slayer  
  39  10:44  Pylon  
  39  11:07  Slayer  
  41  11:26  Wraithwalker  
  47  11:57  Slayer  
  27  13:14  Havoc  
  28  13:37  Warp Prism  
  30  14:04  Warp Prism  
  30  14:09  Slayer  
  32  14:27  Vanguard  
  21  19:16  Wraithwalker  
  27  20:31  Wraithwalker  
  33  20:57  Slayer  
  35  21:28  Nexus  
  35  21:46  Wraithwalker  
  41  22:09  Pylon  
  41  22:37  Photon Cannon  
  41  23:15  Photon Cannon  
  41  23:46  Photon Cannon  
  41  24:16  Gateway  
  40  25:49  Pylon  
  40  26:03  Slayer  
  42  26:28  Photon Cannon  
  40  26:46  Slayer  
  42  27:16  Pylon  
  40  27:32  Slayer  
  42  28:01  Photon Cannon  
  42  28:11  Photon Cannon  
  42  28:37  Photon Cannon  
Tags
 
Commander
AlarakStukov
Matchup
Co-op
Replay Pack
Multiplayer
Add a new tag
Caveats
  • Supply blocks, unpowered buildings, or Contaminate may cause inaccurate times.
  • Supply counts are checked every 10 seconds.